 Dungeon Crawl Stone Soup version 0.31-a0-851-g7ff8af7976 (webtiles) character file.

Game seed: 17095724621861609875

8 BritishOli the Trooper (level 2, 24/24 HPs)
             Began as a Demonspawn Fighter on Oct 6, 2023.
             Got out of the dungeon alive.
             The game lasted 00:00:30 (439 turns).

BritishOli the Trooper (Demonspawn Fighter)          Turns: 439, Time: 00:00:31

Health: 24/24      AC:  6    Str: 16    XL:     2   Next: 0%
Magic:  2/2        EV:  8    Int:  9    God:
Gold:   10         SH:  4    Dex: 12    Spells: 1/1 levels left

rFire   . . .        a - +0 war axe
rCold   . . .        c - +0 buckler
rNeg    . . .        b - +0 scale mail
rPois   .            (no helmet)
rElec   .            (no cloak)
rCorr   .            (no gloves)
SInv    +            (no boots)
Will    .....        (no amulet) Stlth
                     e - ring of see invisible
HPRegen 0.24/turn    (no ring)
MPRegen 0.08/turn

%: no passive effects
@: no status effects
A: demonic magic 1
a: no special abilities


You escaped.
You visited 1 branch of the dungeon, and saw 1 of its levels.

You collected 10 gold pieces.

Inventory:

Hand Weapons
 a - a +0 war axe (weapon)
Armour
 b - a +0 scale mail (worn)
 c - a +0 buckler (worn)
Jewellery
 e - a ring of see invisible (left hand)
 j - an amulet of reflection
Scrolls
 g - a scroll of vulnerability {unknown}
Potions
 d - a potion of might
 f - 2 potions of curing {unknown}
 h - a potion of heal wounds {unknown}
 i - a potion of degeneration {unknown}


   Skills:
 + Level 3.1 Fighting
 + Level 2.0 Axes
 + Level 2.8 Armour
 + Level 2.8 Shields


You had one spell level left.
You didn't know any spells.
Your spell library was empty.

Dungeon Overview and Level Annotations

Branches:
Dungeon (1/15)

Altars:


Innate Abilities, Weirdness & Mutations

Spells you cast may paralyse adjacent enemies.


Message History

You slash the rat!
You kill the rat!
j - an amulet of reflection No target in view!
You open the door.
There is an open door here.
Key pressed, stopping explore.
No target in view!
There is an open door here.
f - 2 emerald potions (gained 1) Key pressed, stopping explore.
No target in view!
There is an open door here.
Key pressed, stopping explore.
No target in view!
A kobold comes into view. It is wielding a +0 dagger.
The kobold shouts!
A kobold is nearby!
A kobold is nearby!
The kobold hits you but does no damage.
A kobold is nearby!
You closely miss the kobold. The kobold hits you but does no damage.
You block the kobold's attack.
You slash the kobold!
You kill the kobold!
Your Axes skill increases to level 2!
You have reached level 2!
Your demonic ancestry asserts itself...
A menacing aura infuses your magic.
Okay, then.
You open the door.
There is an open door here.
The iron dragon roars deafeningly!
The ice dragon roars deafeningly!
No reachable target in view!
No reachable target in view!
The iron dragon roars deafeningly! x2; You hear a deafening roar!
The ice dragon roars deafeningly!
There is a staircase leading out of the dungeon here.
You have escaped!

..##... #... #...
#### ####### ####
#D#^#D#######~#D
########D#D#*####
##......#######...
#@..............##
##..........#####^
############D#^##
#X#X#^#^#D#####
###########
######## #......#
#......#
#......#########


You could see a tentacled monstrosity and an ice dragon.

Vanquished Creatures
  A goblin (D:1)
  2 hobgoblins (D:1)
  2 bats (D:1)
  A frilled lizard (D:1)
  A kobold (D:1)
  A rat (D:1)
8 creatures vanquished.

Notes
Turn   | Place    | Note
-------+----------+-------------------------------------------
     0 | D:1      | BritishOli the Demonspawn Fighter began the quest for the
                  | Orb.
     0 | D:1      | Reached XP level 1. HP: 18/18 MP: 1/1
     0 | D:1      | Noticed an ice dragon
     0 | D:1      | Noticed a tentacled monstrosity
     2 | D:1      | Noticed an ice dragon
     2 | D:1      | Noticed a tentacled monstrosity
     7 | D:1      | Noticed a golden dragon
     8 | D:1      | Noticed an iron dragon
     9 | D:1      | Noticed an iron dragon
    11 | D:1      | Noticed an orb of fire
    11 | D:1      | Noticed an iron dragon
    15 | D:1      | Noticed an iron dragon
    17 | D:1      | Noticed an ice dragon
    17 | D:1      | Noticed a shadow dragon
    19 | D:1      | Noticed an iron dragon
    19 | D:1      | Noticed an iron dragon
   380 | D:1      | Gained mutation: Spells you cast may paralyse adjacent
                  | enemies. [demonic ancestry]
   380 | D:1      | Reached XP level 2. HP: 24/24 MP: 2/2
   439 | D:$      | Got out of the dungeon alive.

Illustrated notes

Levels and vault maps discovered:
D:1:      shiori_arrival_whats_in_store_for_you, layout_basic

Skill      XL: |  1 |
---------------+----+-----
Axes           | 2 |  2.0
Fighting       | |  3.1
Armour         | |  2.8
Shields        | |  2.8

Action                     || total
---------------------------++-------
  Melee: War axe           ||    23
 Armour: Scale mail        ||    24
  Dodge: Dodged            ||     9
  Block: Buckler           ||     3

Table legend: (Time is in decaauts)
 A = Elapsed time spent in this place.
 B = Non-inter-level travel time spent in this place.
 C = Inter-level travel time spent in this place.
 D = Time resting spent in this place.
 E = Time spent auto-exploring this place.
 F = Levels seen in this place.
 G = Mean time per level.
                   A        B        C        D        E       F      G
               +--------+--------+--------+--------+--------+-----+--------+
         Total |    448 |    414 |     34 |      0 |    328 |   1 |  448.0 |
       Dungeon |    448 |    414 |     34 |      0 |    328 |   1 |  448.0 |
               +--------+--------+--------+--------+--------+-----+--------+

Top non-repeatable levels by time:
     D:1: 448 daAuts
